 Dungeon Crawl Stone Soup version 0.27.1-15-g792fb953b9 (webtiles) character file.

Game seed: 2065073168635179115

729 bearlyready the Gusty (level 7, 0/54 HPs)
             Began as a Tengu Air Elementalist on Nov 19, 2021.
             Was an Initiate of Gozag.
             Succumbed to an orc's poison
             ... on level 5 of the Dungeon.
             The game lasted 00:08:55 (6380 turns).

bearlyready the Gusty (Tengu Air Elementalist)      Turns: 6380, Time: 00:08:56

Health: 0/54       AC:  2    Str:  9    XL:     7   Next: 73%
Magic:  13/23      EV: 14    Int: 17    God:    Gozag
Gold:   173        SH:  0    Dex: 14    Spells: 7/15 levels left

rFire    . . .     SeeInvis .   e - +0 long sword
rCold    . . .     Faith    .   (no shield)
rNeg     . . .     Spirit   .   a - +0 robe
rPois    .         Reflect  .   (helmet restricted)
rElec    .         Harm     .   (no cloak)
rCorr    .         Rampage  .   (no gloves)
Will     .....                  (boots unavailable)
Stlth    ..........             (no amulet)
HPRegen  0.18/turn              x - ring of magical power
MPRegen  0.18/turn              (no ring)

@: berserking, lethally poisoned (0 -> -15), gold aura, flying quickly and
evasively, very quick
A: beak, talons 3, nimble flight
a: Renounce Religion, Potion Petition, Call Merchant, Bribe Branch


You were on level 5 of the Dungeon.
You worshipped Gozag.
Gozag was aware of your devotion.
You visited 2 branches of the dungeon, and saw 6 of its levels.

You collected 246 gold pieces.
You spent 28 gold pieces at shops.
You paid 45 gold pieces to Gozag.

Inventory:

Hand Weapons
 d - a +0 dagger
 e - a +0 long sword (weapon)
 l - a +0 falchion
Armour
 a - a +0 robe (worn)
Magical Staves
 s - a staff of fire
Jewellery
 x - a ring of magical power (left hand)
Scrolls
 b - 2 scrolls of magic mapping {unknown}
 h - 2 scrolls of teleportation {unknown}
 i - a scroll of enchant armour {unknown}
 j - a scroll of holy word {unknown}
 m - a scroll of amnesia {unknown}
 n - 2 scrolls of fear {unknown}
 o - a scroll of identify
 t - 2 scrolls of noise {unknown}
 u - a scroll of vulnerability {unknown}
 v - a scroll of blinking {unknown}
Potions
 c - a potion of brilliance
 g - a potion of mutation {unknown}
 k - a potion of ambrosia {unknown}
 p - 2 potions of curing {unknown}
 q - a potion of resistance {unknown}
 r - a potion of heal wounds {unknown}
 w - a potion of haste {unknown}
 z - a potion of degeneration {unknown}


   Skills:
 + Level 4.6 Long Blades
 - Level 2.1 Dodging
 - Level 2.0 Stealth
 + Level 4.6 Spellcasting
 - Level 3.0 Conjurations
 + Level 7.3 Air Magic


You had 7 spell levels left.
You knew the following spells:

 Your Spells              Type           Power      Damage    Failure   Level
a - Shock                 Conj/Air       84%        1d8       1%          1
b - Swiftness             Air            28%        N/A       2%          3
c - Airstrike             Air            14%        N/A       8%          4

Your spell library contained the following spells:

 Spells                   Type           Power      Damage    Failure   Level
 Static Discharge         Conj/Air       21%        N/A       2%          2
 Passwall                 Tmut/Erth      2%         N/A       22%         2
 Stone Arrow              Conj/Erth      18%        3d8       24%         3
 Animate Armour           Summ/Erth      6%         N/A       83%         4
 Invisibility             Hex            1%         N/A       100%        6
 Lehudib's Crystal Spear  Conj/Erth      4%         10d3      100%        8


Dungeon Overview and Level Annotations

Branches:
Dungeon (5/15)             Temple (1/1) D:4

Altars:
Ashenzari
Cheibriados
Dithmenos
Elyvilon
Fedhas
Gozag
Hepliaklqana
Kikubaaqudgha
Makhleb
Nemelex Xobeh
Okawaru
Qazlal
Ru
Sif Muna
Trog
Uskayaw
Vehumet
Xom
Yredelemnul
Zin
The Shining One

Shops:
D:1 ?   D:2 *


Innate Abilities, Weirdness & Mutations

You have a beak for a mouth.
You have claws for feet.
Your magical nature lets you fly swiftly and evasively.


Message History

Aiming: Shock (safe; 1% risk of failure)
Press: ? - help, Q - select action, (/) - cycle Shift-Dir - straight line, f/p - howler monkey
Aim: a howler monkey (lightly wounded, 71% to hit)
The zap misses the orc.
The zap hits the howler monkey!
The howler monkey is heavily wounded.
You feel sick.
The howler monkey hoots and howls with incredible vigour!
The orc hits you with a +1 flail of venom!
You are more poisoned.
Aiming: Shock (safe; 1% risk of failure)
Press: ? - help, Q - select action, (/) - cycle Shift-Dir - straight line, f/p - howler monkey
Aim: a howler monkey (heavily wounded, catching its breath, 71% to hit)
The zap hits the orc.
The orc is severely wounded.
The zap hits the howler monkey.
The howler monkey is severely wounded.
You feel very sick. The orc closely misses you.
Aiming: Shock (safe; 1% risk of failure)
Press: ? - help, Q - select action, (/) - cycle Shift-Dir - straight line, f/p - howler monkey
Aim: a howler monkey (severely wounded, catching its breath, 71% to hit)
The zap hits the orc.
The orc is almost dead.
The zap hits the howler monkey.
The howler monkey is severely wounded.
You feel very sick.
The orc hits you with a +1 flail of venom!
* * * LOW HITPOINT WARNING * * *
You are more poisoned.
It was a potion of berserk rage.
A red film seems to cover your vision as you go berserk!
You feel yourself moving faster!
You feel mighty!
* * * LOW HITPOINT WARNING * * *
You feel very sick.
A dart slug comes into view.
The orc barely misses you.
You hit the orc.
You kill the orc!
You die...
Your body crumbles into a pile of gold.

#..##. ##)...
####...##
########....#.#
##........####.#
#..........<.#.#
.#..........#.#
#####..........#..
#.@$h<.........##.
#..###..........#
. ....#
##..########
...w## ###..## ...
#...## ./ #.### $
#o# #....#
.....####


You could see a howler monkey and a dart slug.

Vanquished Creatures
  2 black bears
  An ogre (D:5)
  2 scorpions
  3 orc priests
  A bullfrog skeleton (D:4)
  An iguana (D:4)
  A hound skeleton (D:4)
  10 adders
  2 adder skeletons (D:4)
  A worm (D:2)
  A dart slug (D:1)
  14 orcs
  4 ball pythons
  6 bats
  6 endoplasms
  4 giant cockroaches
  4 goblins
  4 hobgoblins
  3 jackals (D:2)
  9 kobolds
  A quokka (D:2)
  A ball python skeleton (D:3)
  2 frilled lizards (D:2)
  5 rats
88 creatures vanquished.

Notes
Turn   | Place    | Note
-------+----------+-------------------------------------------
     0 | D:1      | bearlyready the Tengu Air Elementalist began the quest for
                  | the Orb.
     0 | D:1      | Reached XP level 1. HP: 10/10 MP: 4/4
   265 | D:1      | Reached XP level 2. HP: 15/15 MP: 3/6
  1202 | D:1      | Found Bopn's Magic Scroll Shoppe.
  1212 | D:1      | Bought a scroll of identify for 28 gold pieces
  1366 | D:1      | Reached XP level 3. HP: 10/19 MP: 4/7
  1755 | D:2      | Reached skill level 1 in Long Blades
  2013 | D:2      | Reached XP level 4. HP: 11/24 MP: 4/8
  2305 | D:2      | Learned a level 3 spell: Swiftness
  2455 | D:2      | Found Sayzou's General Store.
  2786 | D:2      | Reached skill level 5 in Air Magic
  4017 | D:3      | Gained mutation: Your magical nature lets you fly swiftly
                  | and evasively. [Tengu growth]
  4017 | D:3      | Reached XP level 5. HP: 28/28 MP: 7/10
  4672 | D:3      | Learned a level 4 spell: Airstrike
  4889 | D:4      | Noticed a black bear
  4891 | D:4      | Killed a black bear
  4892 | D:4      | Reached XP level 6. HP: 32/32 MP: 2/12
  4938 | D:4      | Reached skill level 6 in Air Magic
  5346 | D:4      | Found a staircase to the Ecumenical Temple.
  5439 | Temple   | Entered the Ecumenical Temple
  5602 | Temple   | Became a worshipper of Gozag Ym Sagoz the Greedy
  6054 | D:5      | Entered Level 5 of the Dungeon
  6129 | D:5      | Noticed a black bear
  6155 | D:5      | Killed a black bear
  6156 | D:5      | Reached XP level 7. HP: 25/36 MP: 12/14
  6172 | D:5      | Reached skill level 7 in Air Magic
  6379 | D:5      | HP: 2/54 [poisoned by an orc]
  6380 | D:5      | Succumbed to an orc's poison

Illustrated notes

Levels and vault maps discovered:
D:1:      sevenhm_arrival_forest_fort_large_1, layout_loops_corners,
          serial_shops, nicolae_lakefront_shop, minmay_tromino_i2
D:2:      layout_basic, serial_shops, shop
D:3:      minmay_inner_zag, layout_basic, chequers_jeans, minmay_cupped
D:4:      layout_basic, minmay_temple_entry_trees, minmay_misc_feat_enclosed
D:5:      layout_rooms, uniq_grinder
Temple:   dpeg_three_leaves_temple

Skill      XL: |  1  2  3  4  5  6  7 |
---------------+----------------------+-----
Conjurations   | 2 3 |  3.0
Long Blades    | 1 2 4 |  4.6
Air Magic      | 5 6 7 |  7.3
Spellcasting   | 3 4 |  4.6
Dodging        | |  2.1
Stealth        | |  2.0

Action                   |  1- 3 |  4- 6 |  7- 9 || total
-------------------------+-------+-------+-------++-------
Melee: Unarmed           |    17 |       |       ||    17
       Kick              |     7 |    22 |     1 ||    30
       Peck              |     1 |     7 |       ||     8
       Long sword        |    15 |    70 |     4 ||    89
 Cast: Shock             |    44 |    65 |     6 ||   115
       Airstrike         |       |     2 |     4 ||     6
       Swiftness         |       |     1 |       ||     1
  Use: Scroll            |     1 |       |       ||     1
       Potion            |       |       |     1 ||     1
 Stab: Sleeping          |       |     3 |       ||     3
Armor: Robe              |     3 |    13 |       ||    16
Dodge: Dodged            |    36 |    53 |     8 ||    97
       Rpst.: Long sword |    10 |    22 |     1 ||    33
